 Dungeon Crawl Stone Soup version 0.24-a0-769-g368c1644f8 (webtiles) character file.

Game seed: 13949446845093327793, levelgen mode: deterministic

134 MalarOregon the Conjurer (level 4, 0/36 HPs)
             Began as a Draconian Conjurer on Oct 5, 2019.
             Slain by an orc priest
             ... wielding a +0 short sword
              (3 damage)
             ... on level 3 of the Dungeon.
             The game lasted 00:03:56 (1830 turns).

MalarOregon the Conjurer (Draconian Conjurer)       Turns: 1830, Time: 00:03:57

Health: 0/36       AC:  5    Str: 10    XL:     4   Next: 95%
Magic:  0/8        EV: 12    Int: 17    God:
Gold:   124        SH:  0    Dex: 11    Spells: 7/8 levels left

rFire    . . .     SeeInvis .   c - +0 dagger
rCold    . . .     Gourm    .   (no shield)
rNeg     . . .     Faith    .   (armour unavailable)
rPois    .         Spirit   .   (helmet restricted)
rElec    .         Reflect  .   (no cloak)
rCorr    .         Harm     .   (no gloves)
MR       .....                  (no boots)
Stlth    ++........             (no amulet)
HPRegen  0.12/turn              (no ring)
MPRegen  0.11/turn              (no ring)

@: no status effects
A: unfitting armour, cold-blooded, AC +5
a: no special abilities


You were on level 3 of the Dungeon.
You were not hungry.

You visited 1 branch of the dungeon, and saw 3 of its levels.

You collected 124 gold pieces.

Inventory:

Hand Weapons
 c - a +0 dagger (weapon)
   (You took it off a goblin on level 1 of the Dungeon)
Jewellery
 d - an uncursed ring of protection from fire {unknown}
   (You found it on level 1 of the Dungeon)
 j - an uncursed ring of see invisible {unknown}
   (You found it on level 2 of the Dungeon)
Scrolls
 f - 2 scrolls of identify {unknown}
 g - 2 scrolls of teleportation {unknown}
 i - a scroll of magic mapping {unknown}
Potions
 a - a potion of resistance {unknown}
 h - a potion of curing {unknown}
 k - a potion of magic {unknown}
 l - a potion of lignification {unknown}
 m - a potion of heal wounds {unknown}
Comestibles
 e - 5 rations {!d}


   Skills:
 + Level 2.2 Fighting
 - Level 1.7 Dodging
 - Level 1.7 Stealth
 + Level 2.9 Spellcasting
 * Level 5.3 Conjurations


You had 7 spell levels left.
You knew the following spells:

 Your Spells              Type           Power        Failure   Level  Hunger
a - Magic Dart            Conj           ###.         1%          1    None

Your spell library contained the following spells:

 Spells                   Type           Power        Failure   Level  Hunger
 Searing Ray              Conj           ###...       3%          2    ##.....
 Dazzling Spray           Conj/Hex       ##....       19%         3    ###....
 Iskenderun's Mystic Bla  Conj           ###.....     21%         4    ####...
 Force Lance              Conj/Tloc      ##......     52%         4    ####...
 Fulminant Prism          Conj/Hex       ##........   52%         4    ####...


Dungeon Overview and Level Annotations

Branches:
Dungeon (3/15)

Altars:
Sif Muna


Innate Abilities, Weirdness & Mutations

Your plain brown scales are hard. (AC +5)
You cannot fit into any form of body armour.
You are cold-blooded and may be slowed by cold attacks.


Message History

The orc wizard seems to speed up.
Aim: an orc, wielding a +0 trident and wearing a +0 ring mail (moderately wounded)
The magic dart hits the orc.
The orc wizard gestures at you while chanting.
The magic dart hits you!
Aim: an orc, wielding a +0 trident and wearing a +0 ring mail (heavily wounded)
The magic dart hits the orc!
You kill the orc!
The orc priest begins to cast a cantrip, but forgets the words!
Aim: an orc wizard, wielding a +0 whip and wearing a +0 robe (fast)
The magic dart hits the orc wizard but does no damage.
Aim: an orc wizard, wielding a +0 whip and wearing a +0 robe (fast)
The magic dart hits the orc wizard.
The orc wizard hits you but does no damage.
A kobold comes into view. It is wielding a +0 falchion.
The orc wizard hits you with a +0 whip.
The kobold moves out of view.
The orc wizard hits you but does no damage.
The orc priest barely misses you.
You climb upwards.
There is a stone staircase leading down here.
Aim: an orc priest, wielding a +0 short sword and wearing a +0 ring mail The magic dart hits the orc priest!
The orc wizard barely misses you.
The orc priest hits you with a +0 short sword.
The orc wizard hits you but does no damage.
Aim: an orc priest, wielding a +0 short sword and wearing a +0 ring mail (heavily wounded)
The magic dart hits the orc priest but does no damage.
The orc priest misses you. The orc wizard hits you with a +0 whip.
Aim: an orc priest, wielding a +0 short sword and wearing a +0 ring mail (heavily wounded)
The magic dart hits the orc priest.
The orc wizard casts a spell at you. The magic dart hits you.
* * * LOW HITPOINT WARNING * * *
The orc priest mumbles some strange prayers to Beogh against you.
Beogh smites you!
* * * LOW HITPOINT WARNING * * *
The orc wizard mumbles some strange words.
The orc wizard blinks!
The orc priest barely misses you.
You climb downwards.
There is a stone staircase leading up, spattered with blood here.
You see here a stone.
You hit the orc priest but do no damage.
Your tail-slap misses the orc priest.
The orc priest hits you with a +0 short sword.
* * * LOW HITPOINT WARNING * * *
The kobold throws a stone.
The stone barely misses you.
You hit the orc priest but do no damage.
Your tail-slap misses the orc priest.
The orc priest hits you with a +0 short sword.
You die...

.##............(
#....##).#.....#
#K..........#)##
...............#
...............#
....$..........#
..)......÷.....#
........÷......#
...).[o@.......#
........(......#
.............###
#...).#.....##
#############


You could see an orc priest and a kobold.

Vanquished Creatures
  An orc wizard (D:3)
  A gnoll (D:1)
  An adder (D:2)
  2 worms (D:2)
  3 dart slugs
  2 leopard geckos
  8 orcs
  A ball python (D:2)
  2 bats
  3 giant cockroaches
  8 goblins
  6 hobgoblins
  7 jackals
  5 kobolds
  A quokka (D:2)
  3 frilled lizards
  5 rats
59 creatures vanquished.

Notes
Turn   | Place    | Note
-------+----------+-------------------------------------------
     0 | D:1      | MalarOregon the Draconian Conjurer began the quest for the
                  | Orb.
     0 | D:1      | Reached XP level 1. HP: 14/14 MP: 3/3
   186 | D:1      | Reached XP level 2. HP: 21/22 MP: 1/5
   270 | D:1      | Reached skill level 1 in Fighting
   412 | D:1      | Reached XP level 3. HP: 28/28 MP: 3/6
   938 | D:2      | Found a shimmering blue altar of Sif Muna.
  1127 | D:2      | Reached XP level 4. HP: 30/36 MP: 2/7
  1481 | D:3      | Reached skill level 5 in Conjurations
  1830 | D:3      | Slain by an orc priest

Levels and vault maps discovered:
D:1:      eino_arrival_cavern_b, layout_rooms
D:2:      layout_basic, lemuel_round_altar
D:3:      layout_rooms, fedhas_altar_3, ebering_ghost_rock_garden

Skill      XL: |  1  2  3  4 |
---------------+-------------+-----
Fighting       | 1 2 |  2.2
Conjurations   | 5 |  5.3
Dodging        | |  1.7
Stealth        | |  1.7
Spellcasting   | |  2.9

Action                   |  1- 3 |  4- 6 || total
-------------------------+-------+-------++-------
Melee: Dagger            |    48 |    17 ||    65
       Tailslap          |     4 |     1 ||     5
 Cast: Magic Dart        |    66 |    60 ||   126
  Eat: Chunk             |     1 |     3 ||     4
Armor: Skin              |    28 |    11 ||    39
Dodge: Dodged            |    27 |    28 ||    55

Table legend:
 A = Non-vault XP
 B = Vault XP
 C = Vault XP percentage of total XP
 D = Non-vault monster count
 E = Vault monster count
 F = Vault count percentage of total count
                 A         B        C        D         E       F
            +---------+---------+-------+---------+---------+-------
      Total |     192 |       0 |   0.0 |      59 |       0 |   0.0
            +---------+---------+-------+---------+---------+-------
        D:1 |      41 |       0 |   0.0 |      15 |       0 |   0.0
        D:2 |      79 |       0 |   0.0 |      31 |       0 |   0.0
        D:3 |      72 |       0 |   0.0 |      13 |       0 |   0.0
            +---------+---------+-------+---------+---------+-------
